AoeStats
← cutiño

Black Forest

509790831Analyzed
4v4 RM · 4d ago on Sep 28, 2026· 31m 57s· 8 players
Game mode
Random Map
Map size
Large (8 player)
Population
200
Speed
Normal
Resources
Standard
Victory
Conquest
Starting age
Dark Age
Ending age
Imperial Age
RankedLock teamsTeams togetherTeam positionsShared explorationLock speedFull tech treeHidden civsTurbo modeCheats
Victory
Defeat
🇲🇽 Spanish · Mexico
779
+14
🇲🇽 Slavs · Mexico
757
+15
🇲🇽 Bohemians · Mexico
754
+15
🇲🇽 Britons · Mexico
743
+20
🇨🇱 Hindustanis · Chile
788
-18
🇨🇱 Slavs · Chile
718
-14
🇨🇱 Inca · Chile
711
-14
🇨🇱 Britons · Chile
685
-13
THE JUKER
11:00 Loom
12:47 Feudal Age
16:54 Castle Age
18:41 Double-Bit Axe
18:42 Horse Collar
21:05 Wheelbarrow
20:45 Bow Saw
23:19 Heavy Plow
23:45 Hand Cart
26:30 Gold Mining
26:31 Stone Mining
28:13 Fletching
28:26 Padded Archer Armor
28:17 Crossbowman
29:34 Elite Skirmisher
32:26 Gold Shaft Mining
XxPvtPiotrxX
0:58 Loom
21:01 Feudal Age
22:27 Horse Collar
28:26 Castle Age
28:49 Scale Barding Armor
29:56 Fletching
NepeDorado
2:07 Loom
15:45 Feudal Age
24:32 Castle Age
22:50 Horse Collar
25:58 Wheelbarrow
31:22 Heavy Plow
Deltacastro
0:34 Loom
12:24 Feudal Age
18:03 Castle Age
16:08 Horse Collar
18:36 Fletching
20:16 Double-Bit Axe
26:50 Stone Mining
26:51 Gold Mining
cutiño
2:07 Loom
23:06 Feudal Age
23:45 Arson
24:02 Double-Bit Axe
31:26 Bloodlines
31:24 Scale Barding Armor
Pepe Tapia
3:36 Loom
12:25 Feudal Age
13:50 Wheelbarrow
13:57 Horse Collar
14:05 Double-Bit Axe
15:16 Champi Runner
22:09 Stone Mining
22:11 Gold Mining
24:14 Scale Mail Armor
24:24 Town Watch
30:00 Castle Age
30:38 Elite Skirmisher
31:26 Squires
32:04 Heavy Plow
32:23 Bow Saw
LobosF
0:36 Loom
13:40 Feudal Age
15:47 Double-Bit Axe
24:06 Castle Age
27:13 Fletching
Karstenn
1:15 Loom
13:51 Feudal Age
14:14 Horse Collar
14:23 Double-Bit Axe
15:16 Wheelbarrow
16:17 Gold Mining
20:02 Stone Mining
25:20 Castle Age
24:28 Fletching
24:41 Padded Archer Armor
26:52 Bow Saw
26:45 Heavy Plow
28:20 Bodkin Arrow
28:40 Leather Archer Armor
32:20 Ballistics
Connection lost

Rejoining the realm…

Still unreachable

The connection could not be restored.

Session expired

The server has moved on; the page needs a fresh start.